[Event "10th Beirut Open-ch 2019"]
[Site "Beirut"]
[Date "2019.04.27"]
[Round "3.17"]
[White "Berbari, Imad"]
[Black "Nassar, Marc"]
[Result "0-1"]
[ECO "A01"]
[WhiteElo "1666"]
[BlackElo "1909"]
[PlyCount "136"]
[EventDate "2019.04.25"]
[EventType "swiss"]
[EventRounds "9"]
[EventCountry "LBN"]
[TimeControl "5400+30"]

1. b3 e5 2. Bb2 Nc6 3. e3 Nf6 4. Bb5 Bd6 5. Na3 a6 6. Bxc6 dxc6 7. Nc4 Qe7 8. Nf3 Nd7 9. O-O O-O 10. a4 Re8 11. Nxd6 cxd6 12. c4 Qf6 13. b4 Qh6 14. Ne1 Re6 15. f4 Nf8 16. Rf3 Rg6 17. f5 Rg4 18. Qe2 Qg5 19. e4 Nd7 20. d3 Qd8 21. Bc1 d5 22. h3 dxe4 23. dxe4 Rh4 24. a5 Nf6 25. Bg5 Qd4+ 26. Kh2 Rxe4 27. Qa2 Qxc4 28. Qd2 Rd4 29. Qe3 Re4 30. Qb6 Qd4 31. Qc7 Qd7 32. Qb6 Nd5 33. Qc5 f6 34. Bd2 Qe7 35. Qc2 Rd4 36. Rg3 Nxb4 37. Qb3+ Qf7 38. Bxb4 Qxb3 39. Rxb3 Bxf5 40. Nf3 Rd7 41. Rb2 Rad8 42. Rd2 Rxd2 43. Bxd2 e4 44. Nh4 Bc8 45. Be3 Rd3 46. Bb6 g5 47. Re1 f5 48. Nf3 h6 49. Ne5 Rd5 50. Nc4 Be6 51. Ne3 Rd2 52. h4 Rd3 53. hxg5 hxg5 54. Nf1 Kf7 55. Ng3 Kg6 56. Ne2 Bd5 57. Rc1 Rd2 58. Nc3 f4 59. Nxd5 cxd5 60. Kh3 Kf5 61. Bc7 g4+ 62. Kh2 f3 63. Rf1 Rxg2+ 64. Kh1 g3 65. Rd1 Rh2+ 66. Kg1 f2+ 67. Kf1 Rh1+ 68. Ke2 Rxd1 0-1

[Event "10th Beirut Open-ch 2019"]
[Site "Beirut"]
[Date "2019.04.27"]
[Round "3.18"]
[White "Kabalan, Farah"]
[Black "Hassweh, Mwaffaq"]
[Result "0-1"]
[ECO "C43"]
[WhiteElo "1602"]
[BlackElo "1866"]
[PlyCount "82"]
[EventDate "2019.04.25"]
[EventType "swiss"]
[EventRounds "9"]
[EventCountry "LBN"]
[TimeControl "5400+30"]

1. e4 e5 2. Nf3 Nf6 3. d4 exd4 4. e5 Ne4 5. Qxd4 d5 6. Qa4+ Bd7 7. Qb3 Bc6 8. Be3 Nd7 9. Bd4 Ndc5 10. Qe3 Ne6 11. Nbd2 Be7 12. Bd3 Nxd4 13. Nxd4 Bg5 14. f4 Nxd2 15. Qxd2 Bh6 16. O-O-O g6 17. Kb1 O-O 18. g4 Bd7 19. g5 Bg7 20. h4 c5 21. Nf3 Bg4 22. Be2 d4 23. Nh2 Be6 24. Ng4 Bxg4 25. Bxg4 h5 26. gxh6 Bxh6 27. h5 g5 28. Bf5 Kh8 29. c3 gxf4 30. Bc2 Qc7 31. Qd3 f5 32. exf6 Rxf6 33. Rde1 Qf7 34. Re5 f3 35. Rhe1 Be3 36. cxd4 cxd4 37. R5xe3 dxe3 38. Qxe3 f2 39. Rf1 Re8 40. Qc3 Re1+ 41. Qxe1 fxe1=Q+ 0-1

[Event "10th Beirut Open-ch 2019"]
[Site "Beirut"]
[Date "2019.04.27"]
[Round "3.19"]
[White "Habash, Mohamad"]
[Black "Arkadan, Adib"]
[Result "1/2-1/2"]
[ECO "E81"]
[WhiteElo "1806"]
[BlackElo "1686"]
[PlyCount "61"]
[EventDate "2019.04.25"]
[EventType "swiss"]
[EventRounds "9"]
[EventCountry "LBN"]
[TimeControl "5400+30"]

1. d4 Nf6 2. c4 g6 3. Nc3 Bg7 4. e4 d6 5. Bg5 O-O 6. f3 Nbd7 7. Qd2 a6 8. a4 e5 9. d5 Nc5 10. Ra3 a5 11. Nge2 Qd7 12. Nc1 Ne8 13. Nd3 Nxd3+ 14. Bxd3 b6 15. O-O f5 16. Be2 f4 17. Na2 h6 18. Bh4 g5 19. Be1 h5 20. g4 hxg4 21. fxg4 Nf6 22. h3 Qf7 23. Bf3 Qg6 24. Qg2 Kf7 25. Rd3 Rh8 26. Kf2 Ba6 27. b3 Rh6 28. Nc3 Rah8 29. Rh1 Qh7 30. Bd1 Rh4 31. Kg1 $11 1/2-1/2

[Event "10th Beirut Open-ch 2019"]
[Site "Beirut"]
[Date "2019.04.27"]
[Round "3.20"]
[White "Salameh, Sleiman"]
[Black "Moughames, Ronald"]
[Result "0-1"]
[ECO "B34"]
[WhiteElo "1621"]
[BlackElo "1721"]
[PlyCount "118"]
[EventDate "2019.04.25"]
[EventType "swiss"]
[EventRounds "9"]
[EventCountry "LBN"]
[TimeControl "5400+30"]

1. e4 c5 2. Nf3 Nc6 3. d4 cxd4 4. Nxd4 g6 5. Nxc6 bxc6 6. Qd4 Nf6 7. e5 Ng8 8. e6 Nf6 9. exf7+ Kxf7 10. Nd2 Qa5 11. c3 Bg7 12. Nb3 Qc7 13. Bf4 d6 14. Bc4+ Nd5 15. Bxd5+ cxd5 16. Qxd5+ Be6 17. Qf3 Qc4 18. Bxd6+ Bf6 19. Nd2 Qb5 20. Ne4 Bf5 21. Nxf6 exf6 22. O-O-O Be6 23. Rhe1 Rhe8 24. Qd3 Qa4 25. Ba3 Rad8 26. Qf3 Qb5 27. Rxd8 Rxd8 28. Qe3 Qd5 29. Qxa7+ Rd7 30. Qe3 Qxa2 31. Qxe6+ Qxe6 32. Rxe6 Kxe6 33. Bc5 Kd5 34. Bd4 f5 35. g3 Re7 36. Kc2 Re2+ 37. Kb3 Re8 38. Be3 Rb8+ 39. Kc2 Kc4 40. Bd4 g5 41. b4 Ra8 42. Kd2 Re8 43. h4 gxh4 44. gxh4 Re4 45. Bf6 f4 46. Bd4 f3 47. h5 Re2+ 48. Kd1 Kd3 49. Kc1 Re1+ 50. Kb2 Rh1 51. Kb3 Rxh5 52. Ka4 Kc4 53. Bf6 Rh2 54. Bd4 Rh1 55. Ka5 h5 56. Kb6 h4 57. Kc6 Rb1 58. Kd6 Rb2 59. Ke6 h3 0-1

[Event "10th Beirut Open-ch 2019"]
[Site "Beirut"]
[Date "2019.04.27"]
[Round "3.21"]
[White "Al Azmi, Khalaf"]
[Black "Sharbel, Marwan"]
[Result "0-1"]
[ECO "B87"]
[WhiteElo "1740"]
[BlackElo "1973"]
[PlyCount "84"]
[EventDate "2019.04.25"]
[EventType "swiss"]
[EventRounds "9"]
[EventCountry "LBN"]
[TimeControl "5400+30"]

1. e4 c5 2. Nf3 d6 3. d4 cxd4 4. Nxd4 Nf6 5. Nc3 a6 6. Bc4 e6 7. Bb3 Be7 8. O-O O-O 9. Be3 b5 10. a3 Bb7 11. f3 Nc6 12. Nxc6 Bxc6 13. Qd2 Qc7 14. Rad1 Nd7 15. Rfe1 Ne5 16. Bf4 Rfd8 17. Qe2 Bb7 18. Bc1 Rac8 19. Kh1 Nc4 20. Nb1 Na5 21. Ba2 Qxc2 22. Qxc2 Rxc2 23. Nc3 Bf6 24. e5 dxe5 25. Rxd8+ Bxd8 26. Bb1 Bh4 27. Rg1 Rf2 28. Bd3 Nb3 29. Nd1 Rxf3 30. Be2 Rf6 31. Be3 Nd4 32. Bg4 h6 33. Bd2 Bg5 34. Bb4 Rf4 35. Bh3 Rh4 36. Nf2 Be3 37. Rf1 Bxf2 38. Bxe6 Nxe6 39. Rxf2 Rf4 40. Kg1 Rxf2 41. Kxf2 Nf4 42. Bd6 f6 0-1

[Event "10th Beirut Open-ch 2019"]
[Site "Beirut"]
[Date "2019.04.27"]
[Round "3.22"]
[White "Muhssen, Fared Saleh"]
[Black "Haidar, Wassim"]
[Result "0-1"]
[ECO "E18"]
[WhiteElo "1898"]
[BlackElo "1707"]
[PlyCount "108"]
[EventDate "2019.04.25"]
[EventType "swiss"]
[EventRounds "9"]
[EventCountry "LBN"]
[TimeControl "5400+30"]

1. d4 Nf6 2. Nf3 b6 3. g3 Bb7 4. Bg2 e6 5. O-O Be7 6. c4 O-O 7. Nc3 d5 8. Ne5 Nbd7 9. Qa4 Nxe5 10. dxe5 Ne8 11. cxd5 exd5 12. Nxd5 Bxd5 13. Rd1 c6 14. e4 b5 15. Qc2 Qb6 16. Be3 Qa6 17. exd5 cxd5 18. Bxd5 Rc8 19. Qe4 Rc7 20. Rac1 g6 21. f4 Qa5 22. f5 Rxc1 23. Rxc1 gxf5 24. Qxf5 Ng7 25. Qg4 b4 26. Qe4 Rd8 27. Bb3 Qa6 28. Bc2 Qg6 29. Qxg6 hxg6 30. Be4 Rd7 31. Rc8+ Kh7 32. Kf2 Ne6 33. Bc6 Rd1 34. Ba4 Rh1 35. Kg2 Re1 36. Kf2 Rh1 37. h4 Rh2+ 38. Kf3 Rxb2 39. Bb3 Nd8 40. Rc7 Bf8 41. Rxa7 Kg8 42. Ra8 Nc6 43. Ke4 Kg7 44. Ra6 Nd8 45. Ra7 Re2 46. Kf3 Rxe3+ 47. Kf4 Rxe5 48. Rd7 Rf5+ 49. Ke4 Nc6 50. g4 Rf1 51. Rc7 Ne7 52. Rc4 Rg1 53. Kf3 Nd5 54. Rd4 Nc3 0-1

[Event "10th Beirut Open-ch 2019"]
[Site "Beirut"]
[Date "2019.04.27"]
[Round "3.24"]
[White "Jabr, Bernard"]
[Black "Hasan Ali Prince"]
[Result "1/2-1/2"]
[ECO "B22"]
[WhiteElo "1679"]
[BlackElo "1854"]
[PlyCount "140"]
[EventDate "2019.04.25"]
[EventType "swiss"]
[EventRounds "9"]
[EventCountry "LBN"]
[TimeControl "5400+30"]

1. e4 c5 2. c3 d5 3. exd5 Qxd5 4. d4 cxd4 5. cxd4 Nf6 6. Nc3 Qd8 7. Nf3 e6 8. Bd3 Be7 9. Bd2 a6 10. a3 b5 11. b4 Bb7 12. Rc1 Nbd7 13. Qe2 Rc8 14. h4 Nb6 15. Be3 Nfd5 16. Nxd5 Bxd5 17. Ne5 Bf6 18. Bxb5+ axb5 19. Qxb5+ Kf8 20. Qxb6 Rxc1+ 21. Bxc1 Qxb6 22. Nd7+ Ke7 23. Nxb6 Bxg2 24. Rg1 Bc6 25. Be3 Bxh4 26. Rxg7 Bf6 27. Bg5 h5 28. Nc4 Bxg5 29. Ne5 Be8 30. Rxg5 h4 31. Rg2 h3 32. Rh2 f6 33. Nd3 Rh4 34. f4 Bg6 35. Kd2 Kd6 36. Ke3 Kd5 37. Nc5 Bf5 38. Nd7 Rh6 39. b5 Rg6 40. Nb6+ Kd6 41. Nc4+ Kd7 42. Nb6+ Kc7 43. Nc4 Rg3+ 44. Kf2 Rc3 45. Ne3 Rxa3 46. Nxf5 exf5 47. Rh1 Rd3 48. Ke2 Rb3 49. Kf2 Kd6 50. b6 Kd5 51. b7 Kxd4 52. Rxh3 Rxb7 53. Rh6 Rb2+ 54. Kf3 Rb3+ 55. Kf2 Ke4 56. Rxf6 Kxf4 57. Rf8 Rb2+ 58. Kf1 Kg4 59. Rg8+ Kf3 60. Ke1 f4 61. Rf8 Re2+ 62. Kf1 Re4 63. Rh8 Ke3 64. Rh2 f3 65. Rh8 Rc4 66. Re8+ Kf4 67. Rf8+ Kg3 68. Rg8+ Rg4 69. Rxg4+ Kxg4 70. Kf2 Kf4 1/2-1/2

[Event "10th Beirut Open-ch 2019"]
[Site "Beirut"]
[Date "2019.04.29"]
[Round "4.8"]
[White "EL Mahmoud, AbdulAziz"]
[Black "Al Salman, Mohamad"]
[Result "1-0"]
[ECO "A13"]
[WhiteElo "2108"]
[BlackElo "1958"]
[PlyCount "159"]
[EventDate "2019.04.25"]
[EventType "swiss"]
[EventRounds "9"]
[EventCountry "LBN"]
[TimeControl "5400+30"]

1. c4 Nf6 2. g3 e6 3. Nf3 d5 4. Bg2 c5 5. O-O d4 6. d3 Be7 7. b4 cxb4 8. a3 bxa3 9. Bxa3 Nc6 10. Nbd2 O-O 11. Qb3 Nd7 12. Bxe7 Qxe7 13. Rfb1 Nc5 14. Qa3 a6 15. Nb3 Nxb3 16. Qxe7 Nxe7 17. Rxb3 Nc6 18. Ng5 f5 19. Rb6 h6 20. Nf3 e5 21. Nd2 Rf6 22. c5 Ne7 23. Nc4 Rxb6 24. Nxb6 Rb8 25. Nc4 Be6 26. Nxe5 Bd5 27. Rb1 Rc8 28. Bxd5+ Nxd5 29. Rxb7 Rxc5 30. Rb8+ Kh7 31. Nf3 a5 32. Nxd4 Kg6 33. Kg2 a4 34. Ra8 Nc3 35. Ra6+ Kf7 36. Kf3 Ke7 37. g4 fxg4+ 38. Kxg4 Rg5+ 39. Kf3 Kd7 40. e4 Rh5 41. Kg4 Rxh2 42. f4 Rd2 43. Nf3 Rg2+ 44. Kf5 Rg3 45. Ne5+ Ke7 46. d4 h5 47. d5 Nb5 48. Nc6+ Kd7 49. e5 a3 50. Na7 Nd4+ 51. Ke4 Nb3 52. e6+ Ke7 53. Nc6+ Kf6 54. Ra7 Nc5+ 55. Kd4 Nxe6+ 56. dxe6 Kxe6 57. Ke4 h4 58. Nd4+ Kf6 59. Ra6+ Kf7 60. Nf5 Rb3 61. Nxh4 g5 62. Ra7+ Kg8 63. Ra8+ Kf7 64. Ra7+ Kg8 65. Ng6 gxf4 66. Kxf4 Rc3 67. Kf5 Rc5+ 68. Kf6 Rc6+ 69. Kg5 Rc3 70. Nf4 Rc5+ 71. Kf6 Rc3 72. Ne6 Rf3+ 73. Kg6 Rg3+ 74. Ng5 Kf8 75. Kf6 Ke8 76. Ne4 Re3 77. Ke5 Rb3 78. Ke6 Kd8 79. Nd6 Rh3 80. Rd7# 1-0

[Event "10th Beirut Open-ch 2019"]
[Site "Beirut"]
[Date "2019.04.29"]
[Round "4.9"]
[White "Nassar, Marc"]
[Black "Sursock, Sameer"]
[Result "0-1"]
[ECO "B22"]
[WhiteElo "1909"]
[BlackElo "2048"]
[PlyCount "40"]
[EventDate "2019.04.25"]
[EventType "swiss"]
[EventRounds "9"]
[EventCountry "LBN"]
[TimeControl "5400+30"]

1. e4 c5 2. d4 cxd4 3. c3 Nf6 4. e5 Nd5 5. Nf3 Nc6 6. Bc4 Nb6 7. Bb3 e6 8. O-O d6 9. exd6 Bxd6 10. cxd4 O-O 11. Re1 Bd7 12. Nc3 Rc8 13. Bc2 Be7 14. Qd3 f5 15. a3 Bf6 16. Bb3 Na5 17. Bxe6+ Bxe6 18. Rxe6 Nb3 19. Rb1 Nc5 20. Qxf5 Bxd4 0-1

[Event "10th Beirut Open-ch 2019"]
[Site "Beirut"]
[Date "2019.04.29"]
[Round "4.10"]
[White "Moudallal, Tarek"]
[Black "Khechen, Nabil E"]
[Result "1-0"]
[ECO "C41"]
[WhiteElo "2043"]
[BlackElo "1933"]
[PlyCount "63"]
[EventDate "2019.04.25"]
[EventType "swiss"]
[EventRounds "9"]
[EventCountry "LBN"]
[TimeControl "5400+30"]

1. e4 e5 2. Nf3 d6 3. d4 Nd7 4. Bc4 c6 5. dxe5 dxe5 6. O-O Be7 7. Nc3 Ngf6 8. Qe2 O-O 9. Rd1 Qc7 10. Bg5 h6 11. Bh4 Nb6 12. Bb3 Nh5 13. Nxe5 Nf4 14. Qf3 Qxe5 15. Bxe7 Nh3+ 16. gxh3 Qxe7 17. a4 Be6 18. a5 Nd7 19. Na4 Ne5 20. Qe3 Qh4 21. f4 Ng6 22. Rf1 Bxh3 23. Rf3 Be6 24. Nc5 Bxb3 25. cxb3 b6 26. Nd3 c5 27. Kh1 Qe7 28. Rg1 Kh7 29. f5 Nh4 30. Rf4 g5 31. f6 gxf4 32. Rg7+ 1-0

[Event "10th Beirut Open-ch 2019"]
[Site "Beirut"]
[Date "2019.04.29"]
[Round "4.11"]
[White "Hassweh, Mwaffaq"]
[Black "Novikova, Margarita"]
[Result "1-0"]
[ECO "B01"]
[WhiteElo "1866"]
[BlackElo "2032"]
[PlyCount "128"]
[EventDate "2019.04.25"]
[EventType "swiss"]
[EventRounds "9"]
[EventCountry "LBN"]
[TimeControl "5400+30"]

1. e4 d5 2. exd5 Qxd5 3. Nc3 Qd6 4. d4 Nf6 5. Bc4 a6 6. Nf3 b5 7. Bb3 Bb7 8. O-O Nc6 9. Re1 h6 10. a4 b4 11. Ne2 g5 12. Ng3 O-O-O 13. Bxf7 Nxd4 14. Nxd4 Qxd4 15. Qxd4 Rxd4 16. Nf5 Re4 17. Be3 Bd5 18. Bxd5 Nxd5 19. Bc5 Rc4 20. Bd4 Rh7 21. Rac1 Rf7 22. b3 Rc6 23. Re5 e6 24. Ng3 Nf4 25. Be3 Bg7 26. Rc5 Rxc5 27. Bxc5 a5 28. Rd1 Rd7 29. Rxd7 Kxd7 30. Ne4 Kc6 31. Be3 Nd5 $11 32. Nd2 Kb7 33. Nc4 Ka6 34. Kf1 Nc3 35. Ke1 Nb1 36. Bc1 Bc3+ 37. Ke2 Bd4 38. f4 g4 39. Be3 Bf6 40. Kd3 Na3 41. Nd2 Bc3 42. Ne4 Nb1 43. Nc5+ Kb6 44. Nxe6+ Kc6 45. Nd8+ Kd7 46. Nf7 h5 47. Kc4 Ke6 48. Ng5+ Kf5 49. g3 c6 50. Bb6 Nd2+ 51. Kd3 Nf1 52. Bxa5 Nxh2 53. Bb6 h4 54. gxh4 Kxf4 55. Ne4 Be5 56. a5 Bb8 57. a6 Kf5 58. a7 Bxa7 59. Bxa7 Nf3 60. Bf2 Nh2 61. Ke3 Nf3 62. Ng3+ Kg6 63. Kf4 Nh2 64. h5+ Kh6 1-0

[Event "10th Beirut Open-ch 2019"]
[Site "Beirut"]
[Date "2019.04.29"]
[Round "4.12"]
[White "Asmar, Elie"]
[Black "Kaloust, Giorgio"]
[Result "1/2-1/2"]
[ECO "A30"]
[WhiteElo "2009"]
[BlackElo "1919"]
[PlyCount "128"]
[EventDate "2019.04.25"]
[EventType "swiss"]
[EventRounds "9"]
[EventCountry "LBN"]
[TimeControl "5400+30"]

1. Nf3 c5 2. g3 g6 3. Bg2 Bg7 4. O-O b6 5. c4 Bb7 6. Nc3 Nf6 7. b3 O-O 8. Bb2 d5 9. cxd5 Nxd5 10. Rb1 Nd7 11. Nxd5 Bxd5 12. Bxg7 Kxg7 13. d4 e6 14. Re1 Be4 15. Rc1 Qe7 16. Qd2 Rfd8 17. Qe3 Bb7 18. h4 cxd4 19. Nxd4 Bxg2 20. Kxg2 Nf6 21. f3 Rd5 22. Rc2 Qd6 23. Nc6 Rc8 24. Rec1 Rc7 25. b4 Rd1 26. Rxd1 Qxd1 27. Qc3 Qd5 28. a4 e5 29. e4 Qd6 30. b5 Nd7 31. Rd2 Qe6 32. Nd8 Rxc3 33. Nxe6+ Kf6 34. Rxd7 Kxe6 35. Rxa7 Rc2+ 36. Kf1 Ra2 37. g4 f5 38. gxf5+ gxf5 39. Rxh7 fxe4 40. fxe4 Rxa4 41. Rh6+ Kd7 42. Rxb6 Rxe4 43. Rh6 Rb4 44. b6 Ke8 45. h5 Kd7 46. b7 Kc7 47. Rh7+ Kb8 48. Ke2 Rh4 49. Ke3 Ka7 50. Kf3 Kb8 51. Kg3 Rh1 52. Kg4 e4 53. Re7 Rg1+ 54. Kf5 Rf1+ 55. Kg6 Rg1+ 56. Kh7 Re1 57. h6 e3 58. Kh8 e2 59. h7 Ka7 60. Kg8 Rg1+ 61. Kf8 Rh1 62. Kg7 Rg1+ 63. Kf8 Rf1+ 64. Kg8 Rg1+ $11 1/2-1/2

[Event "10th Beirut Open-ch 2019"]
[Site "Beirut"]
[Date "2019.04.29"]
[Round "4.13"]
[White "Moughames, Ronald"]
[Black "Eiti, Bashir"]
[Result "0-1"]
[ECO "B15"]
[WhiteElo "1721"]
[BlackElo "2352"]
[PlyCount "58"]
[EventDate "2019.04.25"]
[EventType "swiss"]
[EventRounds "9"]
[EventCountry "LBN"]
[TimeControl "5400+30"]

1. e4 c6 2. d4 g6 3. f4 d5 4. e5 h5 5. Nc3 Nh6 6. Nf3 Bg4 7. Be2 e6 8. O-O Nf5 9. Ng5 c5 10. Bxg4 hxg4 11. Qxg4 cxd4 12. Nd1 Qc7 13. Nf2 Qxc2 14. Nxe6 fxe6 15. Qxg6+ Kd7 16. Ng4 Qxg2+ 17. Kxg2 Nh4+ 18. Kg3 Nxg6 19. Bd2 Nh4 20. Nf6+ Kd8 21. b4 Nf5+ 22. Kg4 Rxh2 23. Rfd1 Nd7 24. Nxd5 Rh4+ 25. Kg5 Bh6+ 26. Kg6 Ne7+ 27. Nxe7 Kxe7 28. Rh1 Rg8+ 29. Kh7 Rh8+ 0-1

[Event "10th Beirut Open-ch 2019"]
[Site "Beirut"]
[Date "2019.04.29"]
[Round "4.14"]
[White "Ghnatios, Ralph"]
[Black "Arkadan, Adib"]
[Result "1-0"]
[ECO "B43"]
[WhiteElo "1838"]
[BlackElo "1686"]
[PlyCount "45"]
[EventDate "2019.04.25"]
[EventType "swiss"]
[EventRounds "9"]
[EventCountry "LBN"]
[TimeControl "5400+30"]

1. e4 c5 2. Nc3 e6 3. Nf3 a6 4. d4 cxd4 5. Nxd4 Qc7 6. Bd3 Nf6 7. O-O Be7 8. Kh1 b5 9. f4 d6 10. g4 Bb7 11. g5 Nfd7 12. Qh5 Nf8 13. f5 exf5 14. Nxf5 g6 15. Ng7+ Kd8 16. Qg4 f5 17. gxf6 h6 18. Qf3 Rg8 19. Bxh6 Rh8 20. Qf4 b4 21. fxe7+ Qxe7 22. Bg5 Nc6 23. Nd5 1-0

[Event "10th Beirut Open-ch 2019"]
[Site "Beirut"]
[Date "2019.04.29"]
[Round "4.15"]
[White "Sharbel, Marwan"]
[Black "Hanna, Elie"]
[Result "0-1"]
[ECO "A70"]
[WhiteElo "1973"]
[BlackElo "1726"]
[PlyCount "60"]
[EventDate "2019.04.25"]
[EventType "swiss"]
[EventRounds "9"]
[EventCountry "LBN"]
[TimeControl "5400+30"]

1. d4 Nf6 2. c4 e6 3. Nf3 c5 4. d5 exd5 5. cxd5 d6 6. e4 g6 7. Bd3 Bg7 8. h3 a6 9. a4 O-O 10. Nc3 Nbd7 11. Bf4 Qc7 12. Nd2 Nh5 13. Bh2 Be5 14. O-O Nf4 15. Nc4 Nxd3 16. Qxd3 Bxh2+ 17. Kxh2 Re8 18. f4 b6 19. Rae1 f6 20. Qg3 Rb8 21. f5 Ne5 22. Nxe5 Rxe5 23. fxg6 Rg5 24. gxh7+ Kxh7 25. Qf4 Qg7 26. Rf2 Qg6 27. Qxd6 Bxh3 28. gxh3 Rg8 29. Ree2 Rg1 30. Qf4 Rh1+ 0-1

[Event "10th Beirut Open-ch 2019"]
[Site "Beirut"]
[Date "2019.04.29"]
[Round "4.16"]
[White "Haidar, Wassim"]
[Black "Djikerian, Rafi"]
[Result "1-0"]
[ECO "C23"]
[WhiteElo "1707"]
[BlackElo "1833"]
[PlyCount "99"]
[EventDate "2019.04.25"]
[EventType "swiss"]
[EventRounds "9"]
[EventCountry "LBN"]
[TimeControl "5400+30"]

1. e4 e5 2. Bc4 Nc6 3. a3 g6 4. Ne2 Bg7 5. O-O Nf6 6. d3 O-O 7. f4 d5 8. exd5 Nxd5 9. h3 Nb6 10. Ba2 Nd4 11. fxe5 Bxe5 12. Bh6 Bg7 13. Bxg7 Kxg7 14. Nbc3 Bf5 15. Nxd4 Qxd4+ 16. Kh1 Rae8 17. Re1 c6 18. Qf3 Nd7 19. Qg3 h5 20. Rf1 Re3 21. Rf3 Rxf3 22. Qxf3 Re8 23. Rf1 Re3 24. Qf2 Qe5 25. Ne4 Bxe4 26. dxe4 Qxe4 27. Qxf7+ Kh6 28. Qxd7 Qxc2 29. Bg8 Qxb2 30. h4 Qg7 31. Qd2 Qe7 32. Qd4 Qe5 33. Qxe5 Rxe5 34. Rf7 g5 35. Rxb7 g4 36. Kh2 a5 37. Rb6 Rc5 38. Ra6 Kg6 39. Be6 Rc3 40. Rxa5 g3+ 41. Kh3 Kf6 42. Bd7 c5 43. Ra6+ Ke7 44. Bb5 Kd8 45. Ra7 Rb3 46. a4 Rb4 47. Rh7 c4 48. Rxh5 c3 49. Rc5 Rb3 50. h5 1-0

[Event "10th Beirut Open-ch 2019"]
[Site "Beirut"]
[Date "2019.04.29"]
[Round "4.17"]
[White "Attieh, Wael"]
[Black "Berbari, Imad"]
[Result "1-0"]
[ECO "B06"]
[WhiteElo "1823"]
[BlackElo "1666"]
[PlyCount "67"]
[EventDate "2019.04.25"]
[EventType "swiss"]
[EventRounds "9"]
[EventCountry "LBN"]
[TimeControl "5400+30"]

1. e4 g6 2. d4 Bg7 3. Nf3 d6 4. Bd3 a6 5. O-O Nc6 6. c3 b5 7. Be3 Nf6 8. h3 O-O 9. a4 b4 10. d5 Nb8 11. cxb4 c6 12. dxc6 Nxc6 13. b5 axb5 14. Bxb5 Bd7 15. Nc3 Na5 16. Bxd7 Nxd7 17. Bd4 f6 18. b4 Nc6 19. a5 Kh8 20. Qa4 Nce5 21. Nxe5 fxe5 22. Be3 Nf6 23. b5 Qc8 24. Rfc1 Qe6 25. b6 Nd7 26. a6 Nc5 27. Bxc5 dxc5 28. Nd5 Bh6 29. Rxc5 Qf7 30. f3 e6 31. Rc7 Qe8 32. b7 exd5 33. Qd7 Be3+ 34. Kh1 1-0

[Event "10th Beirut Open-ch 2019"]
[Site "Beirut"]
[Date "2019.04.29"]
[Round "4.18"]
[White "Al Onizan, Fahad M"]
[Black "Khoder, Akram"]
[Result "0-1"]
[ECO "C01"]
[WhiteElo "1822"]
[BlackElo "1608"]
[PlyCount "96"]
[EventDate "2019.04.25"]
[EventType "swiss"]
[EventRounds "9"]
[EventCountry "LBN"]
[TimeControl "5400+30"]

1. e4 e6 2. d4 d5 3. exd5 exd5 4. Nf3 Nf6 5. Bd3 Bd6 6. O-O O-O 7. Bg5 Be6 8. Nbd2 c6 9. Re1 Nbd7 10. Ne5 Qb6 11. Nxd7 Nxd7 12. Rxe6 fxe6 13. Qh5 h6 14. Qg6 Nf6 15. Bxh6 Qc7 16. Nf3 Qf7 17. Bg5 Qxg6 18. Bxg6 Nh7 19. Bh4 Bc7 20. Be7 Rfc8 21. Re1 Bd8 22. Ba3 Nf8 23. Bxf8 Kxf8 24. Rxe6 Bf6 25. g4 c5 26. c3 cxd4 27. cxd4 Rc6 28. Rxc6 bxc6 29. g5 Be7 30. b3 Bd6 31. h4 Rb8 32. Kf1 Rb6 33. Bd3 a5 34. h5 Bf4 35. Ne5 Bxe5 36. dxe5 c5 37. f4 c4 38. bxc4 dxc4 39. Bxc4 Rb4 40. Bd3 Rxf4+ 41. Ke2 Rf5 42. h6 Rxe5+ 43. Kf3 gxh6 44. Be4 hxg5 45. Bc2 Ke7 46. Kg4 Kf6 47. Bb3 a4 48. Bg8 Kg7 0-1

[Event "10th Beirut Open-ch 2019"]
[Site "Beirut"]
[Date "2019.04.29"]
[Round "4.19"]
[White "Bedrosian, Danielle"]
[Black "Habash, Mohamad"]
[Result "1/2-1/2"]
[ECO "A01"]
[WhiteElo "1676"]
[BlackElo "1806"]
[PlyCount "107"]
[EventDate "2019.04.25"]
[EventType "swiss"]
[EventRounds "9"]
[EventCountry "LBN"]
[TimeControl "5400+30"]

1. b3 e5 2. Bb2 Nc6 3. g3 d5 4. Bg2 Nf6 5. d3 h5 6. Nf3 Bd6 7. e3 Bg4 8. h3 Bf5 9. Nbd2 Qd7 10. a3 O-O-O 11. b4 Kb8 12. Nb3 e4 13. Nfd4 Nxd4 14. Bxd4 h4 15. Bxf6 gxf6 16. g4 Bg6 17. d4 f5 18. gxf5 Bxf5 19. Qd2 Rdg8 20. Bf1 Rh6 21. O-O-O Rhg6 22. Nc5 Qc8 23. Qe2 Be7 24. Qb5 Rg1 25. Rxg1 Rxg1 26. Na6+ Ka8 27. Qxd5 f6 28. Nxc7+ Kb8 29. Nb5 Be6 30. Qh5 Bb3 31. Qe2 a6 32. Kb2 Bc4 33. Qxc4 Qxc4 34. Bxc4 Rxd1 35. Nc3 Rg1 36. Nxe4 Kc7 37. Be6 b6 38. Kb3 Rb1+ 39. Ka2 Rf1 40. Kb3 Rg1 41. Kc3 Rg2 42. Kb3 Rh2 43. Kc3 Kd8 44. Kb3 Rh1 45. c4 Kc7 46. c5 a5 47. cxb6+ Kxb6 48. bxa5+ Kxa5 49. Kb2 Kb6 50. Bg4 Kc7 51. Be6 Rf1 52. Bg4 Re1 53. a4 Kb6 54. Bd7 1/2-1/2

[Event "10th Beirut Open-ch 2019"]
[Site "Beirut"]
[Date "2019.04.29"]
[Round "4.20"]
[White "Eid, Wissam"]
[Black "Slim, Nadim"]
[Result "0-1"]
[ECO "B34"]
[WhiteElo "1568"]
[BlackElo "1781"]
[PlyCount "58"]
[EventDate "2019.04.25"]
[EventType "swiss"]
[EventRounds "9"]
[EventCountry "LBN"]
[TimeControl "5400+30"]

1. e4 c5 2. Nf3 g6 3. d4 cxd4 4. Nxd4 Bg7 5. Be3 Nc6 6. Nc3 a6 7. a3 d6 8. Be2 Nf6 9. f3 O-O 10. Qd2 Nxd4 11. Bxd4 b5 12. Be3 Bb7 13. Bh6 Qc7 14. O-O Rfd8 15. Bxg7 Kxg7 16. Kh1 d5 17. exd5 Nxd5 18. Nxd5 Rxd5 19. Qc3+ Qxc3 20. bxc3 Rc8 21. c4 bxc4 22. Rfb1 Rd2 23. Rxb7 Rxe2 24. Ra7 Rxc2 25. Rxa6 Rb2 26. Ra7 e6 27. Rd7 c3 28. Rdd1 c2 29. Rdc1 Rcb8 0-1

[Event "10th Beirut Open-ch 2019"]
[Site "Beirut"]
[Date "2019.04.29"]
[Round "4.21"]
[White "Salman, Samer"]
[Black "Terzian, Kevork"]
[Result "1-0"]
[ECO "B05"]
[WhiteElo "1505"]
[BlackElo "1731"]
[PlyCount "63"]
[EventDate "2019.04.25"]
[EventType "swiss"]
[EventRounds "9"]
[EventCountry "LBN"]
[TimeControl "5400+30"]

1. e4 Nf6 2. e5 Nd5 3. d4 d6 4. Nf3 Bg4 5. Be2 Nc6 6. exd6 exd6 7. O-O Be7 8. c4 Nf6 9. Nc3 O-O 10. Re1 d5 11. cxd5 Nxd5 12. Qb3 Nxc3 13. bxc3 Rb8 14. Bf4 Bf6 15. Nd2 Bxe2 16. Rxe2 Bg5 17. Bxg5 Qxg5 18. Ne4 Qh5 19. Rae1 b6 20. Qc4 Qg6 21. Re3 Ne7 22. Nf6+ Qxf6 23. Rxe7 c5 24. dxc5 Rfc8 25. cxb6 Rd8 26. Qa4 Kf8 27. Qa3 Qd6 28. Qxd6 Rxd6 29. bxa7 Ra8 30. Re8+ Rxe8 31. Rxe8+ Kxe8 32. a8=Q+ 1-0

[Event "10th Beirut Open-ch 2019"]
[Site "Beirut"]
[Date "2019.04.29"]
[Round "4.22"]
[White "Hasan Ali Prince"]
[Black "Kabalan, Farah"]
[Result "1/2-1/2"]
[ECO "D00"]
[WhiteElo "1854"]
[BlackElo "1602"]
[PlyCount "91"]
[EventDate "2019.04.25"]
[EventType "swiss"]
[EventRounds "9"]
[EventCountry "LBN"]
[TimeControl "5400+30"]

1. d4 Nf6 2. e3 d5 3. Bd3 c5 4. c3 Nc6 5. f4 Bg4 6. Nf3 e6 7. O-O Bd6 8. Qe1 c4 9. Bc2 Bf5 10. Qe2 O-O 11. Ne5 Bxc2 12. Qxc2 Bxe5 13. fxe5 Ne4 14. Nd2 Nxd2 15. Bxd2 f6 16. exf6 Rxf6 17. e4 Rxf1+ 18. Rxf1 Qe7 19. Re1 Qf6 20. exd5 exd5 21. Rf1 Qg6 22. Qxg6 hxg6 23. Bg5 Re8 24. Rd1 Re2 25. Bd2 Ne7 26. Kf1 Re4 27. Kf2 Nf5 28. g3 Re6 29. Bf4 Kf7 30. g4 Nd6 31. Bxd6 Rxd6 32. h4 Re6 33. Kf3 Kf6 34. b3 b5 35. bxc4 bxc4 36. Rb1 Rb6 37. Rxb6+ axb6 38. Ke2 Ke6 39. Ke3 Ke7 40. Kd2 Kd6 41. Kc2 Kc6 42. Kb2 Kb5 43. Ka3 g5 44. hxg5 g6 45. Kb2 Ka4 46. a3 1/2-1/2